Workbook

Sheet Capa
S5: Preencher as células destacadas em verde
C10: NOME DA EMPRESA
B15: ORÇAMENTO DETALHADO - ATO CONVOCATÓRIO N° 23/2026
C19: Execução de serviços e de projetos de proteção e conservação de nascentes na porção Capixaba da Bacia do Rio Doce, no âmbito da Iniciativa RIO VIVO, em conformidade com o Programa 16 – Proteção e Conservação dos Recursos Hídricos.
C20: RESPONSÁVEL TÉCNICO PELA ELABORAÇÃO DO ORÇAMENTO
C21: CREA
F27: CIDADE, ESTADO
B30: DATA

Sheet Produto 1
B2: =Capa!C19 -> Execução de serviços e de projetos de proteção e conservação de nascentes na porção Capixaba da Bacia do Rio Doce, no âmbito da Iniciativa RIO VIVO, em conformidade com o Programa 16 – Proteção e Conservação dos Recursos Hídricos.
B3: Produto 1 - Plano de Trabalho
B5: Item | C5: Especificação | D5: Fonte | E5: Cód. | F5: Custo unitário (R$) | G5: Un. | H5: Quant. | I5: Custo total (R$) | J5: Custo total com K (R$) | K5: Peso %
C7: Equipe Técnica Permanente | J7: =ROUND(J8+J9++J10,2) -> 0 | K7: =J7/J12 -> #DIV/0!
B8: 1.1 | C8: Responável Técnico | G8: hora | H8: 84 | I8: =ROUND(H8*F8,2) -> 0 | J8: =ROUND(I8*'Fator K'!$I$15,2) -> 0 | K8: =J8/$J$12 -> #DIV/0!
B9: 1.2 | C9: Mobilizador Social | G9: hora | H9: 168 | I9: =ROUND(H9*F9,2) -> 0 | J9: =ROUND(I9*'Fator K'!$I$15,2) -> 0 | K9: =J9/$J$12 -> #DIV/0!
B10: 1.3 | C10: Auxiliar Administrativo | G10: hora | H10: 168 | I10: =ROUND(H10*F10,2) -> 0 | J10: =ROUND(I10*'Fator K'!$I$15,2) -> 0 | K10: =J10/$J$12 -> #DIV/0!
C12: VALOR TOTAL - Incluso K | I12: R$ | J12: =J7 -> 0 | K12: =K7 -> #DIV/0!

Sheet Produto 2
B2: =Capa!C19 -> Execução de serviços e de projetos de proteção e conservação de nascentes na porção Capixaba da Bacia do Rio Doce, no âmbito da Iniciativa RIO VIVO, em conformidade com o Programa 16 – Proteção e Conservação dos Recursos Hídricos.
B3: Produto 2 - Diagnóstico Ambiental da Propriedade
B5: Item | C5: Especificação | D5: Fonte | E5: Cód. | F5: Custo unitário (R$) | G5: Un. | H5: Quant. | I5: Custo total (R$) | J5: Custo total com K (R$) | K5: Peso %
C7: 3. Despesas de execução | J7: =J8 -> 0 | K7: =J7/J10 -> #DIV/0!
B8: 3.1 | C8: Diagnóstico Ambiental da Propriedade | G8: imóvel | H8: 220 | I8: =ROUND(F8*H8,2) -> 0 | J8: =ROUND(I8*'Fator K'!$I$17,2) -> 0 | K8: =J8/$J$10 -> #DIV/0!
C10: VALOR TOTAL - Incluso K | I10: R$ | J10: =+J7 -> 0 | K10: =+K7 -> #DIV/0!

Sheet Produto 3
B2: =Capa!C19 -> Execução de serviços e de projetos de proteção e conservação de nascentes na porção Capixaba da Bacia do Rio Doce, no âmbito da Iniciativa RIO VIVO, em conformidade com o Programa 16 – Proteção e Conservação dos Recursos Hídricos.
B3: Produto 3 - Relatório Mensal de Atividades (RMA)
B4: ,
B5: Item | C5: Especificação | D5: Fonte | E5: Cód. | F5: Custo unitário (R$) | G5: Un. | H5: Quant. | I5: Custo total (R$) | J5: Custo total com K (R$) | K5: Peso %
B7: 1 | C7: Equipe Técnica Permanente | J7: =ROUND(J8+J9++J10,2) -> 0 | K7: =J7/$J$14 -> #DIV/0!
B8: 1.1 | C8: Responável Técnico | G8: hora | H8: 320 | I8: =ROUND(H8*F8,2) -> 0 | J8: =ROUND(I8*'Fator K'!$I$15,2) -> 0 | K8: =J8/$J$14 -> #DIV/0!
B9: 1.2 | C9: Mobilizador Social | G9: hora | H9: 1344 | I9: =ROUND(H9*F9,2) -> 0 | J9: =ROUND(I9*'Fator K'!$I$15,2) -> 0 | K9: =J9/$J$14 -> #DIV/0!
B10: 1.3 | C10: Auxiliar Administrativo | G10: hora | H10: 1344 | I10: =ROUND(H10*F10,2) -> 0 | J10: =ROUND(I10*'Fator K'!$I$15,2) -> 0 | K10: =J10/$J$14 -> #DIV/0!
B11: 2 | C11: Despesas Diversas | J11: =J12+J13 -> 0 | K11: =J11/J14 -> #DIV/0!
B12: 2.1 | C12: Veículo leve picape média 4 x 4 com cabine dupla com capacidade de 1,10 t - 152,25 kW (sem motorista) | G12: mês | H12: 8 | I12: =ROUND(F12*H12,2) -> 0 | J12: =ROUND(I12*'Fator K'!$I$18,2) -> 0 | K12: =J12/J14 -> #DIV/0!
B13: 2.2 | C13: Diárias | G13: und | H13: 35 | I13: =F13*H13 -> 0 | J13: =ROUND(I13*'Fator K'!$I$18,2) -> 0 | K13: =J13/J14 -> #DIV/0!
C14: VALOR TOTAL - Incluso K | I14: R$ | J14: =J7+J11 -> 0 | K14: =K7+K11 -> #DIV/0!

Sheet Produto 4
B2: =Capa!C19 -> Execução de serviços e de projetos de proteção e conservação de nascentes na porção Capixaba da Bacia do Rio Doce, no âmbito da Iniciativa RIO VIVO, em conformidade com o Programa 16 – Proteção e Conservação dos Recursos Hídricos.
B3: Produto 4 - Execução das Intervenções
B5: Item | C5: Especificação | D5: Fonte | E5: Cód. | F5: Custo unitário (R$) | G5: Un. | H5: Quant. | I5: Custo total (R$) | J5: Custo total com BDI (R$) | K5: Peso %
C7: 3. Despesas de execução | J7: =ROUND(J8,2) -> 0 | K7: =J7/J10 -> #DIV/0!
B8: 3.2 | C8: Cerca com mourões de madeira — fornecimento e instalação | G8: metro | H8: 25740 | I8: =ROUND(H8*F8,2) -> 0 | J8: =ROUND(I8+I8*BDI!$G$21,2) -> 0 | K8: =J8/$J$10 -> #DIV/0!
C10: VALOR TOTAL - Incluso BDI | I10: R$ | J10: =J7 -> 0 | K10: =K7 -> #DIV/0!

Sheet Produto 5
B2: =Capa!C19 -> Execução de serviços e de projetos de proteção e conservação de nascentes na porção Capixaba da Bacia do Rio Doce, no âmbito da Iniciativa RIO VIVO, em conformidade com o Programa 16 – Proteção e Conservação dos Recursos Hídricos.
B3: Produto 5 - Instalação de Canteiro e Mobilização/Desmobilização
B5: Item | C5: Especificação | D5: Fonte | E5: Cód. | F5: Custo unitário (R$) | G5: Un. | H5: Quant. | I5: Custo total (R$) | J5: Custo total com BDI (R$) | K5: Peso %
C7: 4. Canteiro, apoio e mobilização | J7: =ROUND(SUM(J8:J12),2) -> 0 | K7: =J7/$J$14 -> #DIV/0!
B8: 4.1 | C8: Canteiro — locação mensal de depósito de apoio | G8: mês | H8: 8 | I8: =ROUND(H8*F8,2) -> 0 | J8: =ROUND(I8+I8*BDI!$G$21,2) -> 0 | K8: =J8/$J$14 -> #DIV/0!
B9: 4.2 | C9: Canteiro — mobilização, instalação e desmobilização dos módulos, por município | G9: un | H9: 4 | I9: =ROUND(H9*F9,2) -> 0 | J9: =ROUND(I9+I9*BDI!$G$21,2) -> 0 | K9: =J9/$J$14 -> #DIV/0!
B10: 4.3 | C10: Canteiro — instalação sanitária em frente de serviço | G10: un x mês | H10: 26 | I10: =ROUND(H10*F10,2) -> 0 | J10: =ROUND(I10+I10*BDI!$G$21,2) -> 0 | K10: =J10/$J$14 -> #DIV/0!
B11: 4.4 | C11: Canteiro — placa de obra e de identificação da Iniciativa RIO VIVO | G11: m² | H11: 8 | I11: =ROUND(H11*F11,2) -> 0 | J11: =ROUND(I11+I11*BDI!$G$21,2) -> 0 | K11: =J11/$J$14 -> #DIV/0!
B12: 4.4 | C12: Canteiro — locação mensal de módulo de refeitório de obra | G12: mês | H12: 8 | I12: =ROUND(H12*F12,2) -> 0 | J12: =ROUND(I12+I12*BDI!$G$21,2) -> 0 | K12: =J12/$J$14 -> #DIV/0!
C14: VALOR TOTAL - Incluso BDI | I14: R$ | J14: =J7 -> 0 | K14: =K7 -> #DIV/0!

Sheet Produto 6
B2: =Capa!C19 -> Execução de serviços e de projetos de proteção e conservação de nascentes na porção Capixaba da Bacia do Rio Doce, no âmbito da Iniciativa RIO VIVO, em conformidade com o Programa 16 – Proteção e Conservação dos Recursos Hídricos.
B3: Produto 6 - Mobilização Social e Educação Ambiental
B5: Item | C5: Especificação | D5: Fonte | E5: Cód. | F5: Custo unitário (R$) | G5: Un. | H5: Quant. | I5: Custo total (R$) | J5: Custo total com K (R$) | K5: Peso %
C7: 5. Mobilização social e educação ambiental | J7: =ROUND(SUM(J8:J12),2) -> 0 | K7: =J7/$J$14 -> #DIV/0!
B8: 5.1 | C8: Mobilização — reunião comunitária realizada (lançamento ou encerramento) | G8: ='[1]Custos Unitários de Referência'!G30 -> evento | H8: 8 | I8: =ROUND(H8*F8,2) -> 0 | J8: =ROUND(I8*'Fator K'!$I$18,2) -> 0 | K8: =J8/$J$14 -> #DIV/0!
B9: 5.2 | C9: Mobilização — oficina com produtores rurais realizada | G9: ='[1]Custos Unitários de Referência'!G31 -> evento | H9: 8 | I9: =ROUND(H9*F9,2) -> 0 | J9: =ROUND(I9*'Fator K'!$I$18,2) -> 0 | K9: =J9/$J$14 -> #DIV/0!
B10: 5.3 | C10: Mobilização — ação de educação ambiental em escola realizada | G10: ='[1]Custos Unitários de Referência'!G32 -> evento | H10: 8 | I10: =ROUND(H10*F10,2) -> 0 | J10: =ROUND(I10*'Fator K'!$I$18,2) -> 0 | K10: =J10/$J$14 -> #DIV/0!
B11: 5.4 | C11: Mobilização — encontro com lideranças e articulação institucional realizado | G11: ='[1]Custos Unitários de Referência'!G33 -> evento | H11: 8 | I11: =ROUND(H11*F11,2) -> 0 | J11: =ROUND(I11*'Fator K'!$I$18,2) -> 0 | K11: =J11/$J$14 -> #DIV/0!
B12: 5.5 | C12: Mobilização — kit de material de divulgação distribuído | G12: ='[1]Custos Unitários de Referência'!G34 -> un | H12: 1416 | I12: =ROUND(H12*F12,2) -> 0 | J12: =ROUND(I12*'Fator K'!$I$18,2) -> 0 | K12: =J12/$J$14 -> #DIV/0!
C14: VALOR TOTAL - Incluso K | I14: R$ | J14: =J7 -> 0 | K14: =K7 -> #DIV/0!

Sheet Consolidada
B2: =#REF! -> #REF!
B3: Planilha Orçamentária Consolidada
B5: Item | C5: Especificação | D5: Fonte | E5: Cód. | F5: Custo unitário (R$) | G5: Un. | H5: Quant. | I5: Custo total (R$) | J5: Custo total com K / BDI (R$) | K5: Peso %
C7: Equipe Técnica Permanente | J7: =ROUND(J8+J9+J10,2) -> #REF! | K7: =J7/$J$29 -> #REF!
B8: 1.1 | C8: =#REF! -> #REF! | D8: SINAPI | E8: =#REF! -> #REF! | F8: =#REF! -> #REF! | G8: hora | H8: =#REF!-#REF! -> #REF! | I8: =ROUND(H8*F8,2) -> #REF! | J8: =ROUND((I8*'Fator K'!$I$15),2) -> #REF! | K8: =J8/$J$29 -> #REF!
B9: 1.2 | C9: =#REF! -> #REF! | D9: DNIT | E9: =#REF! -> #REF! | F9: =#REF! -> #REF! | G9: hora | H9: =#REF! -> #REF! | I9: =ROUND(H9*F9,2) -> #REF! | J9: =ROUND((I9*'Fator K'!$I$15),2) -> #REF! | K9: =J9/$J$29 -> #REF!
B10: 1.3 | C10: =#REF! -> #REF! | D10: SINAPI | E10: =#REF! -> #REF! | F10: =#REF! -> #REF! | G10: hora | H10: =#REF! -> #REF! | I10: =ROUND(H10*F10,2) -> #REF! | J10: =ROUND((I10*'Fator K'!$I$15),2) -> #REF! | K10: =J10/$J$29 -> #REF!
C11: Despesas Diversas | J11: =J12+J13 -> #REF! | K11: =J11/$J$29 -> #REF!
B12: 2.1 | C12: =#REF! -> #REF! | D12: DNIT | E12: =#REF! -> #REF! | F12: =#REF! -> #REF! | G12: =#REF! -> #REF! | H12: 8 | I12: =ROUND(F12*H12,2) -> #REF! | J12: =ROUND((I12*'Fator K'!$I$18),2) -> #REF! | K12: =J12/$J$29 -> #REF!
B13: 2.2 | C13: =#REF! -> #REF! | D13: =#REF! -> #REF! | E13: =#REF! -> #REF! | F13: =#REF! -> #REF! | G13: und | H13: ='Produto 3'!H13 -> 35 | I13: =ROUND(F13*H13,2) -> #REF! | J13: =ROUND((I13*'Fator K'!$I$18),2) -> #REF! | K13: =J13/$J$29 -> #REF!
C14: Despesas de Execução (inclusive canteiro, apoio e mobilização) | J14: =ROUND(SUM(J15:J21),2) -> #REF! | K14: =J14/$J$29 -> #REF!
B15: 3.1 | C15: =#REF! -> #REF! | D15: Composição | E15: =#REF! -> #REF! | F15: =#REF! -> #REF! | G15: imóvel | H15: ='Produto 2'!H8 -> 220 | I15: =ROUND(F15*H15,2) -> #REF! | J15: =ROUND((I15*'Fator K'!I17),2) -> #REF! | K15: =J15/$J$29 -> #REF!
B16: 3.2 | C16: =#REF! -> #REF! | D16: Composição | E16: =#REF! -> #REF! | F16: =#REF! -> #REF! | G16: metro | H16: ='Produto 4'!H8 -> 25740 | I16: =ROUND(F16*H16,2) -> #REF! | J16: =ROUND((I16+I16*BDI!$G$21),2) -> #REF! | K16: =J16/$J$29 -> #REF!
B17: 3.3 | C17: =#REF! -> #REF! | D17: Composição | E17: =#REF! -> #REF! | F17: =#REF! -> #REF! | G17: =#REF! -> #REF! | H17: ='Produto 5'!H8 -> 8 | I17: =ROUND(H17*F17,2) -> #REF! | J17: =ROUND(I17+I17*BDI!$G$21,2) -> #REF! | K17: =J17/$J$29 -> #REF!
B18: 3.4 | C18: =#REF! -> #REF! | D18: Composição | E18: =#REF! -> #REF! | F18: =#REF! -> #REF! | G18: =#REF! -> #REF! | H18: ='Produto 5'!H9 -> 4 | I18: =ROUND(H18*F18,2) -> #REF! | J18: =ROUND(I18+I18*BDI!$G$21,2) -> #REF! | K18: =J18/$J$29 -> #REF!
B19: 3.5 | C19: =#REF! -> #REF! | D19: Composição | E19: =#REF! -> #REF! | F19: =#REF! -> #REF! | G19: =#REF! -> #REF! | H19: ='Produto 5'!H10 -> 26 | I19: =ROUND(H19*F19,2) -> #REF! | J19: =ROUND(I19+I19*BDI!$G$21,2) -> #REF! | K19: =J19/$J$29 -> #REF!
B20: 3.6 | C20: =#REF! -> #REF! | D20: Composição | E20: =#REF! -> #REF! | F20: =#REF! -> #REF! | G20: =#REF! -> #REF! | H20: ='Produto 5'!H11 -> 8 | I20: =ROUND(H20*F20,2) -> #REF! | J20: =ROUND(I20+I20*BDI!$G$21,2) -> #REF! | K20: =J20/$J$29 -> #REF!
B21: 3.7 | C21: =#REF! -> #REF! | D21: Composição | E21: =#REF! -> #REF! | F21: =#REF! -> #REF! | G21: =#REF! -> #REF! | H21: ='Produto 5'!H12 -> 8 | I21: =ROUND(H21*F21,2) -> #REF! | J21: =ROUND(I21+I21*BDI!$G$21,2) -> #REF! | K21: =J21/$J$29 -> #REF!
C22: Mobilização Social e Educação Ambiental | J22: =ROUND(SUM(J23:J27),2) -> #REF! | K22: =J22/$J$29 -> #REF!
B23: 4.1 | C23: =#REF! -> #REF! | D23: Composição | E23: =#REF! -> #REF! | F23: =#REF! -> #REF! | G23: =#REF! -> #REF! | H23: ='Produto 6'!H8 -> 8 | I23: =ROUND(F23*H23,2) -> #REF! | J23: =ROUND(I23*'Fator K'!$I$18,2) -> #REF! | K23: =J23/$J$29 -> #REF!
B24: 4.2 | C24: =#REF! -> #REF! | D24: Composição | E24: =#REF! -> #REF! | F24: =#REF! -> #REF! | G24: =#REF! -> #REF! | H24: ='Produto 6'!H9 -> 8 | I24: =ROUND(F24*H24,2) -> #REF! | J24: =ROUND(I24*'Fator K'!$I$18,2) -> #REF! | K24: =J24/$J$29 -> #REF!
B25: 4.3 | C25: =#REF! -> #REF! | D25: Composição | E25: =#REF! -> #REF! | F25: =#REF! -> #REF! | G25: =#REF! -> #REF! | H25: ='Produto 6'!H10 -> 8 | I25: =ROUND(F25*H25,2) -> #REF! | J25: =ROUND(I25*'Fator K'!$I$18,2) -> #REF! | K25: =J25/$J$29 -> #REF!
B26: 4.4 | C26: =#REF! -> #REF! | D26: Composição | E26: =#REF! -> #REF! | F26: =#REF! -> #REF! | G26: =#REF! -> #REF! | H26: ='Produto 6'!H11 -> 8 | I26: =ROUND(F26*H26,2) -> #REF! | J26: =ROUND(I26*'Fator K'!$I$18,2) -> #REF! | K26: =J26/$J$29 -> #REF!
B27: 4.5 | C27: =#REF! -> #REF! | D27: Composição | E27: =#REF! -> #REF! | F27: =#REF! -> #REF! | G27: =#REF! -> #REF! | H27: ='Produto 6'!H12 -> 1416 | I27: =ROUND(F27*H27,2) -> #REF! | J27: =ROUND(I27*'Fator K'!$I$18,2) -> #REF! | K27: =J27/$J$29 -> #REF!
C29: VALOR TOTAL - Incluso BDI | I29: R$ | J29: =J7+J11+J14+J22 -> #REF! | K29: =K7+K11+K14+K22 -> #REF!

Sheet Custo por Produto
D2: =Capa!C19 -> Execução de serviços e de projetos de proteção e conservação de nascentes na porção Capixaba da Bacia do Rio Doce, no âmbito da Iniciativa RIO VIVO, em conformidade com o Programa 16 – Proteção e Conservação dos Recursos Hídricos.
B3: Custo por produto
B5: PRODUTO | C5: Descrição | G5: Custo total | H5: Percentual
G6: R$ | H6: %
B7: Produto 1 - | C7: PLANO DE TRABALHO | G7: ='Produto 1'!J12 -> 0 | H7: =G7/$G$13 -> #DIV/0!
B8: Produto 2 - | C8: DIAGNÓSTICO AMBIENTAL DA PROPRIEDADE | G8: ='Produto 2'!J10 -> 0 | H8: =G8/$G$13 -> #DIV/0!
B9: Produto 3 - | C9: RELATÓRIO MENSAL DE ATIVIDADES | G9: ='Produto 3'!J14 -> 0 | H9: =G9/$G$13 -> #DIV/0!
B10: Produto 4 - | C10: EXECUÇÃO DAS INTERVENÇÕES | G10: ='Produto 4'!J10 -> 0 | H10: =G10/$G$13 -> #DIV/0!
B11: Produto 5 - | C11: CANTEIRO, APOIO E MOBILIZAÇÃO | G11: ='Produto 5'!J14 -> 0 | H11: =G11/$G$13 -> #DIV/0!
B12: Produto 6 - | C12: MOBILIZAÇÃO SOCIAL E EDUCAÇÃO AMBIENTAL | G12: ='Produto 6'!J14 -> 0 | H12: =G12/$G$13 -> #DIV/0!
C13: Total | G13: =SUM(G7:G12) -> 0 | H13: =SUM(H7:I12) -> #DIV/0!

Sheet Cronograma
F2: =Capa!C19 -> Execução de serviços e de projetos de proteção e conservação de nascentes na porção Capixaba da Bacia do Rio Doce, no âmbito da Iniciativa RIO VIVO, em conformidade com o Programa 16 – Proteção e Conservação dos Recursos Hídricos.
D6: CRONOGRAMA FÍSICO-FINANCEIRO
D8: ETAPA | E8: ESPECIFICAÇÃO | F8: Repasse | G8: Percentual | H8: Físico | J8: Mês
F9: R$ | G9: % | H9: Quant. | I9: Unidade | J9: 1 | K9: 2 | L9: 3 | M9: 4 | N9: 5 | O9: 6 | P9: 7 | Q9: 8 | R9: 9 | S9: 10 | T9: 11 | U9: 12
D11: PRODUTO 1 | E11: =#REF! -> #REF! | F11: ='Custo por Produto'!G7 -> 0 | G11: =F11/$F$23 -> #DIV/0! | H11: 1 | I11: Relatório | J11: n
J12: =F11 -> 0
D13: PRODUTO 2 | E13: =#REF! -> #REF! | F13: ='Custo por Produto'!G8 -> 0 | G13: =F13/$F$23 -> #DIV/0! | H13: 220 | I13: Relatório | K13: =ROUND($H$13/8,0)-4 -> 24 | L13: =ROUND($H$13/8,0) -> 28 | M13: =ROUND($H$13/8,0) -> 28 | N13: =ROUND($H$13/8,0) -> 28 | O13: =ROUND($H$13/8,0) -> 28 | P13: =ROUND($H$13/8,0) -> 28 | Q13: =ROUND($H$13/8,0) -> 28 | R13: =ROUND($H$13/8,0) -> 28
K14: =($F$13/$H$13)*K13 -> 0 | L14: =($F$13/$H$13)*L13 -> 0 | M14: =($F$13/$H$13)*M13 -> 0 | N14: =($F$13/$H$13)*N13 -> 0 | O14: =($F$13/$H$13)*O13 -> 0 | P14: =($F$13/$H$13)*P13 -> 0 | Q14: =($F$13/$H$13)*Q13 -> 0 | R14: =($F$13/$H$13)*R13 -> 0
D15: PRODUTO 3 | E15: =#REF! -> #REF! | F15: ='Custo por Produto'!G9 -> 0 | G15: =F15/$F$23 -> #DIV/0! | H15: 8 | I15: Relatório | K15: 1 | L15: 1 | M15: 1 | N15: 1 | O15: 1 | P15: 1 | Q15: 1 | R15: 1
K16: =$F$15/8 -> 0 | L16: =$F$15/8 -> 0 | M16: =$F$15/8 -> 0 | N16: =$F$15/8 -> 0 | O16: =$F$15/8 -> 0 | P16: =$F$15/8 -> 0 | Q16: =$F$15/8 -> 0 | R16: =$F$15/8 -> 0
D17: PRODUTO 4 | E17: EXECUÇÃO DAS INTERVENÇÕES | F17: ='Custo por Produto'!G10 -> 0 | G17: =F17/$F$23 -> #DIV/0! | H17: ='Produto 4'!H8 -> 25740 | I17: metro de cerca executada | L17: =$H$17/6 -> 4290 | M17: =$H$17/6 -> 4290 | N17: =$H$17/6 -> 4290 | O17: =$H$17/6 -> 4290 | P17: =$H$17/6 -> 4290 | Q17: =$H$17/6 -> 4290
L18: =($F$17/$H$17)*L17 -> 0 | M18: =($F$17/$H$17)*M17 -> 0 | N18: =($F$17/$H$17)*N17 -> 0 | O18: =($F$17/$H$17)*O17 -> 0 | P18: =($F$17/$H$17)*P17 -> 0 | Q18: =($F$17/$H$17)*Q17 -> 0
D19: PRODUTO 5 | E19: CANTEIRO, APOIO E MOBILIZAÇÃO | F19: ='Custo por Produto'!G11 -> 0 | G19: =F19/$F$23 -> #DIV/0! | H19: =#REF! -> #REF! | I19: mês de canteiro e apoio | K19: 0.5 | L19: 1 | M19: 1 | N19: 1 | O19: 1 | P19: 1 | Q19: 1 | R19: 0.5
K20: =ROUND('Produto 5'!$J$8/8+'Produto 5'!$J$12/8+'Produto 5'!$J$9/4+'Produto 5'!$J$10/'Produto 5'!$H$10*1,2) -> 0 | L20: =ROUND('Produto 5'!$J$8/8+'Produto 5'!$J$12/8+'Produto 5'!$J$10/'Produto 5'!$H$10*4,2) -> 0 | M20: =ROUND('Produto 5'!$J$8/8+'Produto 5'!$J$12/8+'Produto 5'!$J$10/'Produto 5'!$H$10*4+'Produto 5'!$J$9/4,2) -> 0 | N20: =ROUND('Produto 5'!$J$8/8+'Produto 5'!$J$12/8+'Produto 5'!$J$10/'Produto 5'!$H$10*4,2) -> 0 | O20: =ROUND('Produto 5'!$J$8/8+'Produto 5'!$J$12/8+'Produto 5'!$J$10/'Produto 5'!$H$10*4+'Produto 5'!$J$9/4,2) -> 0 | P20: =ROUND('Produto 5'!$J$8/8+'Produto 5'!$J$12/8+'Produto 5'!$J$10/'Produto 5'!$H$10*4,2) -> 0 | Q20: =ROUND('Produto 5'!$J$8/8+'Produto 5'!$J$12/8+'Produto 5'!$J$10/'Produto 5'!$H$10*4+'Produto 5'!$J$9/4,2) -> 0 | R20: =ROUND($F$19-SUM(K20:Q20),2) -> 0
D21: PRODUTO 6 | E21: MOBILIZAÇÃO SOCIAL E EDUCAÇÃO AMBIENTAL | F21: ='Custo por Produto'!G12 -> 0 | G21: =F21/$F$23 -> #DIV/0! | H21: =#REF! -> #REF! | I21: evento realizado | K21: =ROUND($H$21/8,0) -> #REF! | L21: =ROUND($H$21/8,0) -> #REF! | M21: =ROUND($H$21/8,0) -> #REF! | N21: =ROUND($H$21/8,0) -> #REF! | O21: =ROUND($H$21/8,0) -> #REF! | P21: =ROUND($H$21/8,0) -> #REF! | Q21: =ROUND($H$21/8,0) -> #REF! | R21: =ROUND($H$21/8,0) -> #REF!
K22: =ROUND($F$21/8,2) -> 0 | L22: =ROUND($F$21/8,2) -> 0 | M22: =ROUND($F$21/8,2) -> 0 | N22: =ROUND($F$21/8,2) -> 0 | O22: =ROUND($F$21/8,2) -> 0 | P22: =ROUND($F$21/8,2) -> 0 | Q22: =ROUND($F$21/8,2) -> 0 | R22: =ROUND($F$21-SUM(K22:Q22),2) -> 0
D23: TOTAL GERAL | F23: =ROUND(F11+F13+F15+F17+F19+F21,2) -> 0 | G23: =G11+G13+G15+G17+G19+G21 -> #DIV/0! | J23: =J12+J14+J16+J18+J20+J22 -> 0 | K23: =K12+K14+K16+K18+K20+K22 -> 0 | L23: =L12+L14+L16+L18+L20+L22 -> 0 | M23: =M12+M14+M16+M18+M20+M22 -> 0 | N23: =N12+N14+N16+N18+N20+N22 -> 0 | O23: =O12+O14+O16+O18+O20+O22 -> 0 | P23: =P12+P14+P16+P18+P20+P22 -> 0 | Q23: =Q12+Q14+Q16+Q18+Q20+Q22 -> 0 | R23: =R12+R14+R16+R18+R20+R22 -> 0
D24: Acumulado | J24: =J23 -> 0 | K24: =J24+K23 -> 0 | L24: =K24+L23 -> 0 | M24: =L24+M23 -> 0 | N24: =M24+N23 -> 0 | O24: =N24+O23 -> 0 | P24: =O24+P23 -> 0 | Q24: =P24+Q23 -> 0 | R24: =Q24+R23 -> 0
D26: LEGENDA
D27: n | E27: Reunião para inicio do projeto
E28: Entrega do produto Versão Final
E29: Trâmites de conclusão de contrato

Sheet Fator K
A1: =Capa!C19 -> Execução de serviços e de projetos de proteção e conservação de nascentes na porção Capixaba da Bacia do Rio Doce, no âmbito da Iniciativa RIO VIVO, em conformidade com o Programa 16 – Proteção e Conservação dos Recursos Hídricos.
A2: Cálculo do coeficiente K
A3: Os K's foram calculados através de fórmulas estabelecidas pelo Acórdão 1.787/2011. Os parâmetros utilizados foram estabelecidos pela Nota Técnica Conjunta nº 01/2012/SIP/SAF da Agência Nacional de Águas.
A5: Item | B5: Custo | I5: Alíquota
A6: ES | B6: Encargos sociais
A7: ESA | B7: Encargos sociais sobre RPA
A8: ARDF | B8: Administração, risco e despesas financeiras
A9: L | B9: Lucro
A10: DFL | B10: Despesas fiscais legais - (PIS+COFINS+ISS) / (1-PIS+COFINS+ISS) | I10: =ROUND((I11+I12+I13)/(1-(I11+I12+I13)),4) -> 0
A11: PIS
A12: COFINS
A13: ISS
A15: K1 | B15: Equipe técnica permanente | D15: (1+ES+ARDF)*(1+L)*(1+DFL) | I15: =ROUND((1+I6+I8)*(1+I9)*(1+I10),4) -> 1
A16: K2 | B16: Consultores externos | D16: (1+ESA+ARDF)*(1+L)*(1+DFL) | I16: =(1+I7+I8)*(1+I9)*(1+I10) -> 1
A17: K3 | B17: Serviços de apoio técnico | D17: (1+L)*(1+DFL) | I17: =(1+I9)*(1+I10) -> 1
A18: K4 | B18: Despesas diretas | D18: (1+L)*(1+DFL) | I18: =(1+I9)*(1+I10) -> 1
A55: DIGEA
A56: DIGAI
A57: DIRAF
A58: ASPLAN
A59: Escola de Projetos

Sheet BDI
B1: CÁLCULO DO BDI DO PROJETO
A3: Como referência para definição e análise da adequabilidade do percentual adotado, deverão ser consideradas as orientações estabelecidas pelo Tribunal de Contas da União – TCU, especialmente no Acórdão nº 2.622/2013 – Plenário, que estabeleceu parâmetros referenciais para as taxas de BDI aplicáveis a diferentes tipologias de obras e serviços de engenharia. Os percentuais indicados pelo TCU constituem referenciais para análise de razoabilidade, devendo o percentual efetivamente utilizado ser compatível com as características específicas da contratação e possuir composição analítica devidamente justificada.
A5: TIPO DE OBRA DO EMPREENDIMENTO | J5: DESONERAÇÃO
A6: CONSTRUÇÃO DE REDES DE ABASTECIMENTO DE ÁGUA, COLETA DE ESGOTO E CONSTRUÇÕES CORRELATAS | J6: SIM
A7: Conforme legislação tributária municipal, definir estimativa de percentual da base de cálculo para o ISS: | J7: 1
A8: Sobre a base de cálculo, definir a respectiva alíquota do ISS (entre 2% e 5%):
A10: ITENS | E10: SIGLAS | F10: % ADOTADO | G10: % MODIFICADO | H10: SITUAÇÃO | I10: INTERVALO DE ADMISSIBILIDADE
I11: 1º Quartil | J11: Médio | K11: 3º Quartil
A12: Administração Central | E12: AC | H12: - | I12: 0.0343 | J12: 0.0493 | K12: 0.0671
A13: Seguro e Garantia | E13: SG | H13: - | I13: 0.0028 | J13: 0.0049 | K13: 0.0075
A14: Risco | E14: R | H14: - | I14: 0.01 | J14: 0.0139 | K14: 0.0174
A15: Despesas Financeiras | E15: DF | H15: - | I15: 0.0094 | J15: 0.0099 | K15: 0.0117
A16: Lucro | E16: L | H16: - | I16: 0.0674 | J16: 0.0804 | K16: 0.094
A17: Tributos (impostos COFINS 3%, e PIS 0,65%) | E17: CP | H17: - | I17: 0.0365 | J17: 0.0365 | K17: 0.0365
A18: Tributos (ISS, variável de acordo com o município) | E18: ISS | H18: - | I18: 0 | J18: 0.025 | K18: 0.05
A19: Tributos (Contribuição Previdenciária - 0% ou 4,5%, conforme Lei 12.844/2013 - Desoneração)* | E19: CPRB | H19: =IF(AND(G19>=I19, G19<=K19), "OK", "Não OK") -> OK | I19: 0 | J19: 0.027 | K19: 0.027
A20: BDI SEM desoneração (Fórmula Acórdão TCU) | E20: BDI PAD | F20: =ROUND((((1+F12+F13+F14)*(1+F15)*(1+F16)/(1-(F17+F18)))-1),4) -> 0 | G20: =ROUND((((1+G12+G13+G14)*(1+G15)*(1+G16)/(1-(G17+G18)))-1),4) -> 0 | H20: =IF(OR(AND(G20>=I20, G20<=K20)), "OK", "NÃO OK") -> NÃO OK | I20: 0.2076 | J20: 0.2418 | K20: 0.2644
A21: BDI COM desoneração | E21: BDI DES | F21: =ROUND((((1+F12+F13+F14)*(1+F15)*(1+F16)/(1-(F17+F18+F19)))-1),4) -> 0 | G21: =ROUND((((1+G12+G13+G14)*(1+G15)*(1+G16)/(1-(G17+G18+G19)))-1),4) -> 0 | H21: =H20 -> NÃO OK
J22: ARDF | K22: =SUM(J12:J15) -> 0.078
A24: Os valores de referência foram retirados da publicação Orientações para Elaboração de Planilhas Orçamentárias de Obras Públicas, do TCU. Os valores de BDI foram calculados com o emprego da fórmula:
E25: =IF(J6="Sim","BDI.DES =","BDI.PAD =") -> BDI.DES = | F25: (1+AC + S + R + G)*(1 + DF)*(1+L) | H25: -1
F26: (1-CP-ISS-CRPB)

Sheet Custos
D2: =#REF! -> #REF!
B4: CUSTOS DE REFERÊNCIA
B6: Nº | C6: CÓDIGO | D6: DESCRIÇÃO | E6: Portaria ANA nº 288 de 02/12/2014
E7: Custo unitário (Cu) | F7: Cu x ³K1
E8: R$/h | F8: R$/h
B9: 1 | C9: EQUIPE PERMANENTE
C10: ³COOP | D10: Coordenador de Projeto | E10: 95.91 | F10: =E10*$F$19 -> 242.6523
C11: ³ES | D11: Especialista Sênior | E11: 67.13 | F11: =E11*$F$19 -> 169.8389
C12: P8094 | D12: Coordenador (CO) | E12: =ROUND(H12/#REF!,2) -> #REF! | F12: =E12*$F$19 -> #REF! | G12: P8094 | H12: 8433.45 | I12: Coordenador (CO)
C13: P8093 | D13: Assessor de Imprensa (AI) | E13: =ROUND(H13/#REF!,2) -> #REF! | F13: =E13*$F$19 -> #REF! | G13: P8093 | H13: 4466.51 | I13: ESPECIALISTA COMUNICAÇÃO SOCIAL
C14: P8093 | D14: Atendimento em Comunicação (AC) | E14: =ROUND(H13/#REF!,2) -> #REF! | F14: =E14*$F$19 -> #REF! | G14: P8178 | H14: 3256.9 | I14: DESIGNER GRÁFICO
C15: P8094 | D15: Social Media (SM) | E15: =ROUND(H13/#REF!,2) -> #REF! | F15: =E15*$F$19 -> #REF! | G15: P8008 | H15: 5710.73 | I15: Analista de desenvolvimento de sistemas pleno
C16: P8178 | D16: Design Gráfico e Digital (DG) | E16: =ROUND(H14/#REF!,2) -> #REF! | F16: =E16*$F$19 -> #REF!
C17: =G15 -> P8008 | D17: Desenvolvedor Web (DW) | E17: =ROUND(H15/#REF!,2) -> #REF! | F17: =E17*$F$19 -> #REF!
B19: Parâmetro - K1 | F19: 2.53

Sheet Consolidada TR
B2: =#REF! -> #REF!
B3: Planilha Orçamentária Consolidada
B5: Item | C5: Especificação | D5: Fonte | E5: Cód. | F5: Custo unitário (R$) | G5: Un. | H5: Quant. | I5: Custo total (R$) | J5: Custo total com K (R$) | K5: Peso %
B7: 1 - Equipe Técnica
C8: Permanente | J8: =ROUND(J9+J10++J11+J12+J13,2) -> #REF! | K8: =J8/J17 -> #REF!
B9: 1.1 | C9: =#REF! -> #REF! | D9: DNIT | E9: =#REF! -> #REF! | F9: =#REF! -> #REF! | G9: hora | H9: =#REF! -> #REF! | I9: =ROUND(H9*F9,2) -> #REF! | J9: =ROUND(I9*#REF!,2) -> #REF! | K9: =J9/$J$17 -> #REF!
B10: 1.2 | C10: =#REF! -> #REF! | D10: DNIT | E10: =#REF! -> #REF! | F10: =#REF! -> #REF! | G10: hora | H10: =#REF! -> #REF! | I10: =ROUND(H10*F10,2) -> #REF! | J10: =ROUND(I10*#REF!,2) -> #REF! | K10: =J10/$J$17 -> #REF!
B11: 1.3 | C11: =#REF! -> #REF! | D11: DNIT | E11: =#REF! -> #REF! | F11: =#REF! -> #REF! | G11: hora | H11: =#REF! -> #REF! | I11: =(H11*F11) -> #REF! | J11: =ROUND(I11*#REF!,2) -> #REF! | K11: =J11/$J$17 -> #REF!
B12: 1.4 | C12: =#REF! -> #REF! | D12: DNIT | E12: =#REF! -> #REF! | F12: =#REF! -> #REF! | G12: hora | H12: =#REF! -> #REF! | I12: =ROUND(H12*F12,2) -> #REF! | J12: =ROUND(I12*#REF!,2) -> #REF! | K12: =J12/$J$17 -> #REF!
B13: 1.5 | C13: =#REF! -> #REF! | D13: DNIT | E13: =#REF! -> #REF! | F13: =#REF! -> #REF! | G13: hora | H13: =#REF! -> #REF! | I13: =ROUND(H13*F13,2) -> #REF! | J13: =ROUND(I13*#REF!,2) -> #REF! | K13: =J13/$J$17 -> #REF!
C14: Consultores | J14: =J15 -> #REF! | K14: =J14/J17 -> #REF!
B15: 1.6 | C15: =#REF! -> #REF! | D15: DNIT | E15: =#REF! -> #REF! | F15: =#REF! -> #REF! | G15: hora | H15: =#REF! -> #REF! | I15: =ROUND(F15*H15,2) -> #REF! | J15: =ROUND(I15*#REF!,2) -> #REF! | K15: =J15/$J$17 -> #REF!
C17: VALOR TOTAL - Inclusos K's | I17: R$ | J17: =J8+J14 -> #REF! | K17: =K8+K14 -> #REF!
B18: Cálculo do coeficiente K Os K's foram calculados através de fórmulas estabelecidas pelo Acórdão 1.787/2011. Os parâmetros utilizados foram estabelecidos pela Nota Técnica Conjunta nº 01/2012/SIP/SAF da Agência Nacional de Águas
B19: Item | C19: Custo | H19: Alíquota
B20: ES | C20: Encargos sociais | H20: 0.8179
B21: ESA | C21: Encargos sociais sobre RPA | H21: 0.2
B22: ARDF | C22: Administração, risco e despesas financeiras | H22: 0.1729
B23: L | C23: Lucro | H23: 0.0876
B24: DFL | C24: Despesas fiscais legais - (PIS+COFINS+ISS) / (1-PIS+COFINS+ISS) | H24: 0.1662
B25: PIS | H25: 0.0165
B26: COFINS | H26: 0.076
B27: ISS | H27: 0.05
B29: K1 | C29: Equipe técnica permanente | D29: (1+ES+ARDF)*(1+L)*(1+DFL) | H29: 2.52
B30: K2 | C30: Consultores externos | D30: (1+ESA+ARDF)*(1+L)*(1+DFL) | H30: 1.74
B31: K3 | C31: Serviços de apoio técnico | D31: (1+L)*(1+DFL) | H31: 1.27
B32: K4 | C32: Despesas diretas | D32: (1+L)*(1+DFL) | H32: 1.27
